 Dungeon Crawl Stone Soup version 0.25-a0-730-g633e9c3c14 (webtiles) character file.

Game seed: 14498869106027631630, levelgen mode: deterministic

107 kae the Ruffian (level 4, 0/35 HPs)
             Began as a Draconian Transmuter on Apr 7, 2020.
             Slain by a worm (9 damage)
             ... on level 3 of the Dungeon.
             The game lasted 00:01:12 (1732 turns).

kae the Ruffian (Draconian Transmuter)              Turns: 1732, Time: 00:01:12

Health: 0/35       AC:  5    Str: 14    XL:     4   Next: 57%
Magic:  5/8        EV: 12    Int: 13    God:
Gold:   124        SH:  0    Dex: 11    Spells: 2/8 levels left

rFire    . . .     SeeInvis .   g - +0 dagger (venom)
rCold    . . .     Gourm    .   (no shield)
rNeg     . . .     Faith    .   (armour unavailable)
rPois    .         Spirit   .   (helmet restricted)
rElec    .         Reflect  .   (no cloak)
rCorr    .         Harm     .   (no gloves)
MR       .....                  (boots currently unavailable)
Stlth    +.........             (no amulet)
HPRegen  0.11/turn              (no ring)
MPRegen  0.11/turn              (no ring)

@: appendage, very slightly contaminated
A: unfitting armour, talons 3, cold-blooded, AC +5
a: End Transformation


You were on level 3 of the Dungeon.
You were very hungry.
You had grown temporary talons.
You visited 1 branch of the dungeon, and saw 3 of its levels.

You collected 124 gold pieces.

Inventory:

Hand Weapons
 g - a +0 dagger of venom (weapon)
Missiles
 a - 63 arrows
Jewellery
 f - an uncursed amulet of the gourmand {unknown}
Scrolls
 h - a scroll of teleportation {unknown}
 i - a scroll of identify {unknown}
 j - a scroll of remove curse
Potions
 b - a potion of degeneration {unknown}
 d - 3 potions of ambrosia {unknown}
 e - 2 potions of cancellation {unknown}
Comestibles
 c - 4 rations
 k - 2 chunks of flesh


   Skills:
 - Level 1.1 Fighting
 - Level 1.7 Dodging
 * Level 4.3 Unarmed Combat
 + Level 2.7 Spellcasting
 + Level 2.9 Transmutations


You had 2 spell levels left.
You knew the following spells:

 Your Spells              Type           Power        Failure   Level  Hunger
a - Beastly Appendage     Tmut           #.....       7%          1    #......
b - Sticks to Snakes      Tmut           #.......     11%         2    ###....
c - Spider Form           Tmut/Pois      #.........   36%         3    ###....

Your spell library contained the following spells:

 Spells                   Type           Power        Failure   Level  Hunger
 Ice Form                 Ice/Tmut       #.......     77%         4    #####..
 Blade Hands              Tmut           #.........   88%         5    ######.


Dungeon Overview and Level Annotations

Branches:
Dungeon (3/15)

Altars:
Qazlal

Annotations:
D:3 3 runed translucent doors


Innate Abilities, Weirdness & Mutations

Your plain brown scales are hard. (AC +5)
You cannot fit into any form of body armour.
You are cold-blooded and may be slowed by cold attacks.
You have claws for feet.


Message History

There is a stone staircase leading up here.
You see here a ball python corpse.
You butcher the ball python corpse.
k - 2 chunks of flesh You see here a ball python skeleton.
A worm is nearby!
Casting: Beastly Appendage (safe; 7% risk of failure)
Confirm with . or Enter, or press ? or * to list all spells.
You miscast Sticks to Snakes.
You are very lightly contaminated with residual magic.
Strange energies run through your body.
Casting: Sticks to Snakes (safe; 11% risk of failure)
Confirm with . or Enter, or press ? or * to list all spells.
Your feet morph into talons.
The worm bites you!
* * * LOW HITPOINT WARNING * * *
You hit the worm.
The worm is poisoned.
You claw the worm.
The worm is heavily wounded.
The worm bites you!
You die...

##.)............
##...###.........
#.###....#...#.......
#.....)(...####......
###..#[.#)#### [#####
.....#.##(#### .#
##.w.....)...#. .
...#.#w<......... . #
#.#.@....##### #
#......#w.
.....(..#...
##.......+...
##.##...+... ..
...+... #. .#.#.. ..
##.#..


You could see 2 worms.

Vanquished Creatures
  3 adders
  3 oozes
  5 dart slugs (D:1)
  2 giant cockroaches
  11 goblins
  4 hobgoblins
  7 jackals
  6 kobolds
  A quokka (D:2)
  2 ball pythons
  2 bats
  2 frilled lizards
  7 rats
55 creatures vanquished.

Notes
Turn   | Place    | Note
-------+----------+-------------------------------------------
     0 | D:1      | kae the Draconian Transmuter began the quest for the Orb.
     0 | D:1      | Reached XP level 1. HP: 16/16 MP: 3/3
    92 | D:1      | Reached XP level 2. HP: 16/23 MP: 3/5
   597 | D:1      | Reached XP level 3. HP: 28/28 MP: 4/6
  1048 | D:2      | Noticed a fire elemental
  1050 | D:2      | Found a stormy altar of Qazlal.
  1052 | D:2      | Noticed an air elemental
  1052 | D:2      | Noticed a water elemental
  1052 | D:2      | Noticed an earth elemental
  1165 | D:2      | Reached skill level 4 in Unarmed Combat
  1383 | D:2      | Reached XP level 4. HP: 35/35 MP: 7/7
  1645 | D:3      | Found a runed translucent gate.
  1645 | D:3      | Found a runed translucent gate.
  1645 | D:3      | Found a runed translucent gate.
  1654 | D:3      | Learned a level 2 spell: Sticks to Snakes
  1658 | D:3      | Learned a level 3 spell: Spider Form
  1732 | D:3      | Slain by a worm

Levels and vault maps discovered:
D:1:      dpeg_arrival_chambers_temple_mockup, layout_basic,
          hangedman_abyss_or_decor_stabs, st_stairs_7, minmay_misc_feat_x
D:2:      layout_basic, minmay_misc_feat_hallway,
          nicolae_qazlal_style_of_elements
D:3:      layout_rooms, gammafunk_ghost_split, first_ration,
          chequers_serial_rivers_micro_a, chequers_serial_rivers_large_a,
          bloody_makhleb

Skill      XL: |  1  2  3 |
---------------+----------+-----
Unarmed Combat | 4 |  4.3
Fighting       | |  1.1
Dodging        | |  1.7
Spellcasting   | |  2.7
Transmutations | |  2.9

Action                   |  1- 3 |  4- 6 || total
-------------------------+-------+-------++-------
Melee: Unarmed           |    66 |       ||    66
       Kick              |     8 |     3 ||    11
       Tailslap          |    15 |     7 ||    22
       Headbutt          |     5 |       ||     5
       Dagger            |    45 |    50 ||    95
       Punch             |     1 |       ||     1
 Cast: Beastly Appendage |    11 |     6 ||    17
  Use: Scroll            |     3 |       ||     3
  Eat: Chunk             |     2 |       ||     2
Armor: Skin              |    33 |    20 ||    53
Dodge: Dodged            |    76 |    55 ||   131

Table legend:
 A = Non-vault XP
 B = Vault XP
 C = Vault XP percentage of total XP
 D = Non-vault monster count
 E = Vault monster count
 F = Vault count percentage of total count
                 A         B        C        D         E       F
            +---------+---------+-------+---------+---------+-------
      Total |     152 |       2 |   1.3 |      54 |       1 |   1.8
            +---------+---------+-------+---------+---------+-------
        D:1 |      66 |       2 |   2.9 |      27 |       1 |   3.6
        D:2 |      39 |       0 |   0.0 |      17 |       0 |   0.0
        D:3 |      47 |       0 |   0.0 |      10 |       0 |   0.0
            +---------+---------+-------+---------+---------+-------
